 Dungeon Crawl Stone Soup version 0.28-a0-577-gb193047a1f (webtiles) character file.

Game seed: 5058253589609268616

5723 BR41ND34D the Thaumaturge (level 10, -5/74 HPs)
             Began as a Demonspawn Venom Mage on Sept 29, 2021.
             Was a Believer of Sif Muna.
             Slain by a death yak (6 damage)
             ... on level 9 of the Dungeon on Oct 1, 2021.
             The game lasted 01:14:35 (12528 turns).

BR41ND34D the Thaumaturge (Demonspawn Venom Mage)  Turns: 12528, Time: 01:14:35

Health: -5/74      AC: 11    Str:  9    XL:     10   Next: 48%
Magic:  0/31       EV: 14    Int: 19    God:    Sif Muna [**....]
Gold:   498        SH:  5    Dex: 14    Spells: 19/25 levels left

rFire   . . .      SeeInvis .   j - +1 short sword (drain)
rCold   . . .      Faith    .   I - +0 buckler
rNeg    . . .      Spirit   +   H - +0 steam dragon scales
rPois   .          Reflect  .   (helmet restricted)
rElec   .          Harm     .   (no cloak)
rCorr   .          Rampage  .   (no gloves)
Will    .....                   (no boots)
Stlth   +++.......              c - amulet of magic regeneration
HPRegen 0.22/turn               w - ring of magical power
MPRegen 0.69/turn               F - ring of wizardry

@: sanguine armoured
A: horns 2, foul stench 1, magic shield, magic regeneration, sanguine armour 1
a: Renounce Religion, Channel Magic


You were on level 9 of the Dungeon.
You worshipped Sif Muna.
Sif Muna was pleased with you.
You visited 2 branches of the dungeon, and saw 10 of its levels.

You collected 498 gold pieces.

Inventory:

Hand Weapons
 a - a +2 dagger of chaos
 j - a +1 short sword of draining (weapon)
 k - a +3 scimitar of flaming
 l - a +0 dagger of venom
 y - a +0 demon trident
 K - a +1 vampiric hand axe
Missiles
 m - 11 boomerangs (quivered)
 L - 3 throwing nets
Armour
 H - +0 steam dragon scales (worn)
 I - a +0 buckler (worn)
 M - the +0 ring mail of the Wasteland {Str+2}
   (You found it on level 9 of the Dungeon)

   Str:       It affects your strength (+2).
Jewellery
 c - an amulet of magic regeneration (around neck)
 d - an amulet of the acrobat
 w - a ring of magical power (left hand)
 F - a ring of wizardry (right hand)
Wands
 C - a wand of polymorph (9)
 E - a wand of flame (20)
 J - a wand of iceblast (5)
Scrolls
 e - a scroll of enchant armour {unknown}
 g - 2 scrolls of noise {unknown}
 h - 5 scrolls of identify
 i - a scroll of torment {unknown}
 o - a scroll of immolation {unknown}
 q - a scroll of blinking {unknown}
 v - a scroll of fear {unknown}
 A - 2 scrolls of teleportation {unknown}
 B - 2 scrolls of fog {unknown}
 D - a scroll of enchant weapon {unknown}
 G - a scroll of amnesia {unknown}
Potions
 b - 2 potions of berserk rage {unknown}
 f - a potion of lignification {unknown}
 n - a potion of attraction {unknown}
 r - a potion of heal wounds
 s - 3 potions of degeneration {unknown}
 t - a potion of flight {unknown}
 u - 4 potions of haste
 x - 2 potions of magic
 z - 2 potions of might {unknown}


   Skills:
 + Level 5.2 Fighting
 + Level 5.7 Dodging
 - Level 6.0 Stealth
 - Level 4.0 Shields
 * Level 8.1 Spellcasting
 - Level 2.0 Conjurations
 - Level 2.0 Transmutations
 - Level 2.0 Air Magic
 + Level 7.0 Poison Magic


You had 19 spell levels left.
You knew the following spells:

 Your Spells              Type           Power      Damage    Failure   Level
a - Sting                 Tmut/Pois      96%        1d7       1%          1
b - Poisonous Vapours     Pois/Air       48%        N/A       1%          2
c - Mephitic Cloud        Conj/Pois/Air  21%        N/A       2%          3

Your spell library contained the following spells:

 Spells                   Type           Power      Damage    Failure   Level
 Olgreb's Toxic Radiance  Pois           34%        N/A       1%          4
 Sandblast                Erth           14%        2d6       3%          1
 Passwall                 Tmut/Erth      9%         N/A       3%          2
 Stone Arrow              Conj/Erth      22%        3d8       8%          3


Dungeon Overview and Level Annotations

Branches:
Dungeon (9/15)             Temple (1/1) D:5            Lair (0/6) D:9
    Orc: D:9-12

Altars:
Ashenzari
Cheibriados
Dithmenos
Elyvilon
Fedhas
Gozag
Hepliaklqana
Kikubaaqudgha
Makhleb
Nemelex Xobeh
Okawaru
Qazlal
Ru
Sif Muna
Trog
Uskayaw
Vehumet
Wu Jian
Xom
Yredelemnul
Zin
The Shining One

Annotations:
D:5 3 runed translucent doors, sn0wgr3's ghost, novice GrFi


Innate Abilities, Weirdness & Mutations

You have a pair of horns on your head.
You may rarely emit foul miasma when damaged in melee.
When hurt, damage is shared between your health and your magic reserves.
You regenerate magic rapidly.
When seriously injured, your bleeding wounds create armour. (AC +6)


Message History

The magic dart hits you.
* * * LOW HITPOINT WARNING * * *
Casting: Sting (safe; 1% risk of failure)
Confirm with . or Enter, or press ? or * to list all spells.
Aiming: Mephitic Cloud (mildly dangerous; 2% risk of failure)
Press: ? - help, Shift-Dir - straight line The ball explodes into a vile cloud!
The stinking cloud engulfs the death yak but does no damage.
The death yak is heavily wounded.
The stinking cloud engulfs something but does no damage.
Something hits you but does no damage.
The death yak is engulfed in noxious fumes.
The death yak gores you.
* * * LOW HITPOINT WARNING * * *
The death yak is engulfed in noxious fumes.
You feel better.
Something barely misses the death yak.
The death yak gores you!
* * * LOW HITPOINT WARNING * * *
Casting: Mephitic Cloud (mildly dangerous; 2% risk of failure)
Confirm with . or Enter, or press ? or * to list all spells.
You don't have enough magic to cast this spell.
Unknown command.
You barely miss the death yak.
The death yak is heavily wounded.
The death yak gores you.
* * * LOW HITPOINT WARNING * * *
Something hits the death yak but does no damage.
You hit the death yak but do no damage.
The death yak is heavily wounded.
The death yak misses you.
Something hits the death yak but does no damage.
You hit the death yak but do no damage. You headbutt the death yak.
The death yak is heavily wounded.
The death yak gores you.
* * * LOW HITPOINT WARNING * * *
Something hits the death yak.
You hit the death yak but do no damage. You drain the death yak.
The death yak is severely wounded.
The death yak gores you!
You die...

#... .......... #....
......... .... #).......
.. ###'########........
#. #..........)).......
#. #...............####
#.##.....†.........#
..#...........#####
##########.#....@Y...†.#
...........#..)...)....#
#########.†.##'#########
#...........#
#####).)..).....#
#..÷)...........#
#.####..........# #.#
#..........# #####'##
#..........#


You could see a death yak (poisoned, drained).

Vanquished Creatures
  Erica (D:9)
  2 death yaks (D:9)
  Psyche (D:8)
  A wyvern (D:6)
  A steam dragon (D:8)
  3 water moccasins
  A black bear (D:5)
  2 orc warriors
  A necrophage (D:6)
  2 ogres (D:5)
  A phantom (D:5)
  4 centaurs
  A kobold brigand (D:7)
  3 bullfrogs
  2 scorpions
  A water moccasin zombie (D:5)
  A jelly (D:5)
  2 water moccasin skeletons (D:5)
  4 wights
  A howler monkey (D:4)
  3 centaur zombies
  3 hounds
  3 bullfrog zombies (D:5)
  6 orc priests
  A bullfrog skeleton (D:5)
  5 centaur skeletons
  2 scorpion zombies (D:5)
  6 iguanas
  6 orc wizards
  3 hell rats (D:9)
  A killer bee zombie (D:8)
  2 hound skeletons (D:5)
  Robin (D:2)
  A howler monkey zombie (D:8)
  8 gnolls
  4 adders
  2 river rats (D:9)
  A shadow imp (D:6)
  A white imp (D:7)
  A worm (D:2)
  A dart slug (D:1)
  24 orcs
  6 ball pythons
  5 bats
  8 endoplasms
  A giant cockroach (D:1)
  12 goblins
  7 hobgoblins
  4 jackals (D:1)
  9 kobolds
  4 quokkas
  4 frilled lizards
  5 rats
185 creatures vanquished.

Vanquished Creatures (others)
  A withered plant (D:5)
1 creature vanquished.

Grand Total: 186 creatures vanquished

Notes
Turn   | Place    | Note
-------+----------+-------------------------------------------
     0 | D:1      | BR41ND34D the Demonspawn Venom Mage began the quest for the
                  | Orb.
     0 | D:1      | Reached XP level 1. HP: 13/13 MP: 3/3
    52 | D:1      | Reached skill level 1 in Transmutations
   223 | D:1      | Gained mutation: You have a pair of small horns on your
                  | head. [demonic ancestry]
   223 | D:1      | Reached XP level 2. HP: 19/19 MP: 5/5
  1181 | D:2      | Gained mutation: When seriously injured, your bleeding
                  | wounds create armour. (AC +6) [demonic ancestry]
  1181 | D:2      | Reached XP level 3. HP: 24/24 MP: 6/6
  1184 | D:2      | Learned a level 2 spell: Poisonous Vapours
  1206 | D:2      | Noticed Robin
  1222 | D:2      | Killed Robin
  1552 | D:2      | HP: 1/24 [adder (3)]
  1556 | D:2      | Gained mutation: You have a pair of horns on your head.
                  | [demonic ancestry]
  1556 | D:2      | Reached XP level 4. HP: 2/30 MP: 6/8
  1584 | D:2      | HP: 1/30 [frozen (4)]
  2558 | D:3      | Reached skill level 3 in Spellcasting
  2558 | D:3      | Gained mutation: You may rarely emit foul miasma when
                  | damaged in melee. [demonic ancestry]
  2558 | D:3      | Reached XP level 5. HP: 35/35 MP: 5/9
  3429 | D:4      | Reached skill level 1 in Air Magic
  3630 | D:4      | Found a hazy altar of Hepliaklqana.
  3693 | D:4      | Reached XP level 6. HP: 39/41 MP: 8/11
  3697 | D:4      | Learned a level 3 spell: Mephitic Cloud
  4488 | D:5      | Entered Level 5 of the Dungeon
  4540 | D:5      | Found a staircase to the Ecumenical Temple.
  4540 | D:5      | Noticed a water moccasin
  4560 | Temple   | Entered the Ecumenical Temple
  4651 | Temple   | Became a worshipper of Sif Muna the Loreminder
  4694 | D:5      | Killed a water moccasin
  4695 | D:5      | Reached skill level 4 in Spellcasting
  4897 | D:5      | Gained mutation: You regenerate magic rapidly. [demonic
                  | ancestry]
  4897 | D:5      | Reached XP level 7. HP: 33/47 MP: 13/13
  5000 | D:5      | Reached skill level 1 in Fighting
  5085 | D:5      | Reached skill level 1 in Conjurations
  5981 | D:5      | Reached XP level 8. HP: 48/56 MP: 15/15
  6094 | D:5      | Upgraded the game from 0.28-a0-563-gf77a47075d to
                  | 0.28-a0-577-gb193047a1f
  6158 | D:5      | Reached skill level 5 in Spellcasting
  6158 | D:5      | Reached skill level 5 in Poison Magic
  7241 | D:5      | Noticed sn0wgr3's ghost (novice GrFi)
  7242 | D:5      | Found a runed translucent gate.
  7242 | D:5      | Found a runed translucent gate.
  7242 | D:5      | Found a runed translucent gate.
  7708 | D:6      | Reached skill level 6 in Spellcasting
  7881 | D:6      | Gained mutation: When hurt, damage is shared between your
                  | health and your magic reserves. [demonic ancestry]
  7881 | D:6      | Reached XP level 9. HP: 25/64 MP: 18/18
  8217 | D:6      | Reached * piety under Sif Muna
  8618 | D:7      | Reached skill level 5 in Stealth
  9544 | D:8      | Reached skill level 5 in Dodging
  9544 | D:8      | Reached skill level 7 in Spellcasting
  9806 | D:8      | Noticed Psyche
 10126 | D:8      | Paralysed by you for 4 turns
 10133 | D:8      | Killed Psyche
 10282 | D:8      | Found a burning altar of Makhleb.
 10794 | D:8      | Reached skill level 1 in Shields
 12089 | D:9      | Noticed a death yak
 12116 | D:9      | Killed a death yak
 12117 | D:9      | Reached XP level 10. HP: 38/73 MP: 12/21
 12190 | D:9      | Noticed Erica
 12245 | D:9      | Killed Erica
 12416 | D:9      | Identified the +0 ring mail of the Wasteland {Str+2}
 12453 | D:9      | Found a staircase to the Lair.
 12468 | D:9      | Noticed a death yak
 12470 | D:9      | Noticed a death yak
 12499 | D:9      | Killed a death yak
 12499 | D:9      | Reached ** piety under Sif Muna
 12500 | D:9      | Reached skill level 5 in Fighting
 12500 | D:9      | Reached skill level 8 in Spellcasting
 12525 | D:9      | HP: 3/74 [death yak (2)]
 12527 | D:9      | HP: 1/74 [death yak (2)]
 12528 | D:9      | Slain by a death yak

Illustrated notes

Levels and vault maps discovered:
D:1:      minmay_arrival_four_loops, layout_basic
D:2:      minmay_inner_zag, layout_basic, uniq_robin
D:3:      layout_basic
D:4:      layout_loops_ring, nzn_hepliaklqana_mist_gate, minmay_box_of_dots
D:5:      layout_loops_corners, minmay_temple_entry_antechambers,
          ebering_ghost_rock_garden, serial_undead, serial_undead_d,
          serial_undead_e, serial_undead_f, serial_undead_a
D:6:      layout_basic
D:7:      layout_rooms
D:8:      layout_layer_cave, david_defended_altar_orc, uniq_psyche
D:9:      layout_basic, dpeg_lair_monsters, wad_scary_box, uniq_erica
Temple:   dpeg_three_leaves_temple

Skill      XL: |  1  2  3  4  5  6  7  8  9 10 |
---------------+-------------------------------+-----
Transmutations | 1 2 |  2.0
Stealth        | 2 3 4 5 6 |  6.0
Dodging        | 2 3 4 5 |  5.7
Spellcasting   | 3 4 6 7 8 |  8.1
Poison Magic   | 4 5 6 7 |  7.0
Air Magic      | 1 2 |  2.0
Fighting       | 2 3 4 5 |  5.2
Conjurations   | 1 2 |  2.0
Shields        | 4 |  4.0

Action                   |  1- 3 |  4- 6 |  7- 9 | 10-12 || total
-------------------------+-------+-------+-------+-------++-------
Melee: Dagger            |    28 |     7 |       |       ||    35
       Unarmed           |     1 |       |       |       ||     1
       Short sword       |    13 |    66 |   363 |    40 ||   482
       Headbutt          |     1 |    11 |    64 |    11 ||    87
Throw: Boomerang         |       |       |    11 |     2 ||    13
 Cast: Sting             |    42 |    50 |    85 |    17 ||   194
       Poisonous Vapours |     6 |    10 |    85 |    25 ||   126
       Mephitic Cloud    |       |     1 |    12 |    10 ||    23
  Use: Potion            |       |     1 |     2 |     2 ||     5
       Scroll            |       |       |     3 |       ||     3
 Stab: Sleeping          |     7 |     3 |     5 |       ||    15
       Confused          |       |       |     1 |       ||     1
Armor: Robe              |     7 |    23 |    92 |       ||   122
       Steam dragon scal |       |       |    12 |     9 ||    21
Dodge: Dodged            |    27 |    61 |   311 |    22 ||   421
Block: Buckler           |       |       |     9 |     6 ||    15

Table legend: (Time is in decaauts)
 A = Elapsed time spent in this place.
 B = Non-inter-level travel time spent in this place.
 C = Inter-level travel time spent in this place.
 D = Time resting spent in this place.
 E = Time spent auto-exploring this place.
 F = Levels seen in this place.
 G = Mean time per level.
                   A        B        C        D        E       F      G
               +--------+--------+--------+--------+--------+-----+--------+
         Total |  12582 |  12265 |    317 |   4708 |   5215 |  10 | 1258.2 |
       Dungeon |  12477 |  12186 |    291 |   4708 |   5160 |   9 | 1386.3 |
        Temple |    104 |     78 |     26 |      0 |     55 |   1 |  104.0 |
               +--------+--------+--------+--------+--------+-----+--------+

Top non-repeatable levels by time:
     D:5: 2822 daAuts
     D:8: 1771 daAuts
     D:7: 1757 daAuts
     D:4: 1288 daAuts
     D:2: 1123 daAuts
     D:6: 1101 daAuts
     D:1: 1075 daAuts
     D:3: 1004 daAuts
     D:9: 532 daAuts
  Temple: 104 daAuts
